Map: Divergence LE

Players

Nigrnog

  • Race: Zerg Zerg
  • League: Gold
  • Spawn Location: 11:00

MooEsqoo

  • Race: Protoss Protoss
  • Spawn Location: 11:00

Stelleague - Winner!

  • Race: Zerg Zerg
  • League: Gold
  • Spawn Location: 5:00

GRIMM - Winner!

  • Race: Zerg Zerg
  • League: Platinum
  • Spawn Location: 5:00

VOD

Have the link to the VOD?

Description

Time

  • Played on: Jan. 19, 2020, 12:43 p.m.
  • Length: 22:20
Show
View Real Time Build Order
Export as new Build Order

Nigrnog Zerg 

Build Orders: 1 Base Baneling Bust, Pool First, Muta Ling Bane 

Get SALT Encoding   

  12  0:06  Drone  
  13  0:22  Spawning Pool  
  13  0:27  Drone  
  13  0:30  Drone  
  14  0:39  Extractor  
  13  0:44  Drone  
  13  0:48  Overlord  
  14  1:31  Baneling Nest  
  13  1:34  Hatchery, Queen  
  14  1:45  Drone  
  14  1:46  Drone  
  16  1:53  Drone  
  17  1:57  Zergling x2  
  18  2:07  Zergling x2  
  19  2:19  Zergling x2  
  20  2:31  Zergling x2  
  20  2:43  Drone x2  
  22  2:48  Queen  
  24  2:59  Drone x2  
  24  3:00  Drone  
  24  3:03  Metabolic Boost  
  27  3:15  Drone  
  28  3:20  Overlord x3  
  28  3:31  Lair  
  28  3:36  Extractor  
  28  3:40  Zergling x6  
  30  3:45  Drone  
  30  3:46  Drone  
  32  3:52  Spine Crawler  
  31  3:56  Drone  
  31  3:58  Drone  
  34  4:10  Drone x3  
  36  4:21  Spine Crawler  
  36  4:22  Drone x2  
  37  4:28  Overlord  
  37  4:50  Hatchery  
  36  5:05  Zergling x4  
  36  5:06  Zergling x4  
  40  5:09  Baneling  
  40  5:10  Baneling x5  
  40  5:17  Drone  
  40  5:18  Drone x5  
  34  6:05  Zergling x2  
  34  6:06  Zergling x16  
  34  6:07  Zergling x8  
  46  6:14  Drone  
  46  6:18  Drone x2  
  49  6:25  Queen  
  51  6:37  Drone, Spire  
  51  6:40  Drone x2, Queen  
  51  6:46  Spine Crawler  
  54  6:49  Spore Crawler  
  54  6:53  Spore Crawler  
  52  6:55  Extractor  
  52  6:57  Extractor  
  52  7:00  Drone x3  
  53  7:09  Drone x4  
  53  7:10  Drone  
  58  7:18  Overlord  
  58  7:20  Overlord  
  56  7:50  Drone  
  56  7:51  Drone x9  
  61  7:52  Drone x3  
  68  7:58  Queen  
  70  8:06  Drone x2  
  70  8:07  Centrifical Hooks  
  70  8:10  Zerg Flyer Weapons Level 1  
  72  8:15  Spore Crawler  
  72  8:18  Spore Crawler  
  70  8:20  Spore Crawler  
  70  8:21  Spore Crawler, Queen  
  70  8:28  Infestation Pit  
  70  8:30  Drone x2  
  70  8:31  Drone x3  
  74  8:36  Extractor  
  73  9:00  Mutalisk x3  
  73  9:01  Mutalisk x3  
  73  9:03  Overlord x5  
  73  9:18  Pneumatized Carapace  
  73  9:29  Mutalisk x6  
  73  9:30  Mutalisk  
  87  9:46  Hatchery  
  87  9:48  Drone  
  87  9:49  Drone x6  
  93  10:02  Hive  
  93  10:04  Zerg Flyer Armor Level 1  
  91  10:07  Hatchery  
  91  10:10  Spore Crawler  
  85  10:32  Zergling x6  
  85  10:33  Zergling x16  
  85  10:34  Zergling x8  
  92  10:39  Extractor  
  92  10:40  Infestor  
  93  10:49  Drone x2  
  95  10:54  Baneling  
  95  10:55  Baneling x8  
  95  10:56  Baneling x3  
  95  10:58  Baneling x2  
  95  10:59  Baneling x2  
  95  11:00  Baneling x2  
  95  11:01  Overlord x3  
  95  11:02  Overlord  
  95  11:11  Drone x2  
  95  11:13  Queen  
  99  11:19  Baneling x2  
  99  11:20  Baneling x4  
  99  11:31  Baneling x2  
  99  11:32  Baneling x4  
  99  11:34  Zergling x2  
  99  11:35  Zergling x18  
  99  11:38  Drone x2  
  111  11:49  Zergling x10  
  111  11:51  Queen  
  118  12:02  Queen  
  71  12:33  Mutalisk x3  
  71  12:34  Mutalisk x7  
  71  12:35  Mutalisk x5  
  95  12:41  Overseer  
  95  12:43  Spore Crawler  
  92  12:46  Spore Crawler  
  85  13:06  Corruptor  
  85  13:07  Corruptor x2  
  85  13:09  Zergling x10  
  85  13:10  Zergling x8  
  100  13:19  Greater Spire  
  100  13:22  Extractor  
  100  13:23  Extractor  
  100  13:26  Drone x2  
  100  13:29  Drone  
  101  13:37  Spore Crawler  
  101  13:40  Spore Crawler  
  101  13:41  Drone x3  
  102  13:51  Drone x3  
  102  13:54  Drone x3  
  108  13:56  Drone x3  
  108  13:57  Drone x9  
  108  13:58  Drone  
  121  14:05  Zergling x4  
  123  14:18  Hatchery  
  122  14:33  Drone x5  
  122  14:35  Drone x4  
  122  14:36  Drone x6  
  122  14:38  Overlord  
  137  14:46  Corruptor x2  
  137  14:47  Corruptor  
  137  14:50  Corruptor  
  140  15:26  Corruptor x4  
  140  15:27  Corruptor x5  
  157  15:30  Zergling x12  
  157  15:33  Overlord x5  
  130  15:48  Zergling x14  
  130  15:49  Zergling x6  
  120  15:54  Baneling x7  
  120  15:55  Baneling x5  
  120  15:58  Zergling x2  
  120  15:59  Zergling x10  
  126  16:08  Brood Lord x3  
  126  16:10  Drone x5  
  126  16:11  Drone x2  
  139  16:16  Extractor  
  136  16:22  Corruptor  
  134  16:31  Baneling x3  
  134  16:32  Baneling x6  
  118  16:45  Baneling x5  
  116  16:49  Baneling x2  
  87  17:26  Corruptor x3  
  87  17:27  Zergling x10  
  87  17:28  Zergling x6  
  87  17:48  Corruptor x2  
  85  18:00  Spore Crawler  
  85  18:02  Spore Crawler  
  85  18:03  Corruptor  
  79  18:15  Spore Crawler  
  79  18:16  Drone x2  
  72  18:45  Drone x3  
  75  19:06  Corruptor x2  
  75  19:08  Zergling x10  
  84  19:11  Hatchery  
  82  19:17  Hatchery  
  81  19:26  Queen  
  83  19:39  Zergling x4  
  83  19:40  Zergling x16  
  83  19:41  Zergling x4  
  83  19:42  Zergling x2  
  96  19:51  Baneling x4  
  96  19:52  Baneling x3  
  94  19:53  Baneling x8  
  94  19:54  Baneling x7  
  94  19:55  Baneling x4  
  94  19:57  Corruptor  
  94  19:58  Corruptor  
  19  21:12  Drone  
  13  21:32  Drone  
  14  21:48  Drone  
Show
View Real Time Build Order
Export as new Build Order

MooEsqoo Protoss 

Build Orders:  

Get SALT Encoding   

  12  0:01  Probe  
  13  0:17  Pylon  
  13  0:21  Probe  
  14  0:35  Gateway  
  14  0:43  Assimilator  
  14  0:45  Probe (Chrono Boost)  
  15  0:55  Probe (Chrono Boost)  
  16  1:00  Probe (Chrono Boost)  
  17  1:16  Gateway  
  17  1:30  Cybernetics Core  
  17  1:33  Probe (Chrono Boost)  
  18  1:41  Pylon  
  18  1:43  Probe (Chrono Boost)  
  19  1:48  Probe (Chrono Boost)  
  19  1:54  Zealot  
  22  2:00  Probe  
  23  2:05  Stalker  
  25  2:10  Shield Battery  
  25  2:35  Assimilator  
  25  2:44  Shield Battery  
  25  2:45  Stalker (Chrono Boost)  
  25  2:47  Shield Battery  
  27  2:53  Warp Gate  
  27  3:02  Probe  
  28  3:06  Stalker  
  30  3:20  Pylon  
  30  3:38  Stalker  
  32  3:46  Stalker  
  34  3:54  Robotics Facility  
  34  4:02  Probe  
  35  4:16  Nexus  
  35  4:25  Probe  
  36  4:37  Probe  
  37  4:41  Pylon  
  37  4:46  Stalker  
  37  4:51  Pylon  
  39  4:56  Pylon  
  39  4:59  Observer  
  39  5:11  Stalker x2  
  43  5:38  Zealot x2  
  47  6:02  Stalker x2  
  51  6:25  Gateway  
  51  6:26  Gateway  
  51  6:27  Gateway  
  51  6:34  Warp Prism (Chrono Boost)  
  51  6:38  Nexus  
  53  6:40  Pylon  
  53  6:43  Assimilator  
  53  6:48  Assimilator  
  53  6:57  Forge  
  53  6:58  Twilight Council  
  53  6:59  Probe  
  54  7:06  Pylon  
  54  7:11  Probe (Chrono Boost)  
  56  7:23  Probe (Chrono Boost)  
  56  7:27  Probe (Chrono Boost)  
  56  7:29  Protoss Ground Weapons Level 1 (Chrono Boost)  
  55  8:00  Gateway  
  55  8:03  Pylon  
  55  8:06  Shield Battery  
  55  8:08  Charge  
  55  8:17  Templar Archives  
  55  8:30  Probe x2  
  57  8:41  Sentry x2  
  57  8:42  Probe x2  
  51  8:59  Pylon  
  47  9:05  High Templar x2  
  47  9:07  High Templar  
  47  9:08  High Templar  
  47  9:09  Zealot  
  57  9:10  Archon  
  57  9:12  Archon  
  57  9:41  Nexus  
  57  9:44  Pylon  
  57  9:45  Shield Battery  
  57  9:47  Shield Battery  
  57  9:48  Shield Battery  
  57  9:50  Shield Battery  
  57  9:54  High Templar x2, Assimilator  
  57  9:55  High Templar x2  
  57  9:57  Zealot  
  57  9:58  Archon  
  57  9:59  Archon, Assimilator  
  67  10:10  Photon Cannon  
  67  10:12  Photon Cannon  
  67  10:16  Photon Cannon  
  67  10:25  Photon Cannon  
  67  10:31  Photon Cannon  
  67  10:42  Photon Cannon  
  67  10:47  Probe  
  69  10:54  Probe  
  69  10:55  Probe  
  70  10:59  Probe  
  71  11:06  Probe  
  71  11:07  Probe  
  71  11:09  Photon Cannon x2  
  73  11:14  Probe  
  73  11:18  Probe  
  75  11:19  Probe  
  76  11:34  High Templar  
  76  11:35  High Templar x3  
  76  11:36  Protoss Ground Weapons Level 2 (Chrono Boost)  
  76  11:37  Zealot  
  76  11:39  Archon x2  
  86  11:56  Probe x3  
  86  11:59  Zealot  
  91  12:08  Probe x3  
  74  12:46  Probe  
  75  12:55  Pylon  
  75  12:58  Probe, Pylon  
  76  13:11  Pylon  
  76  13:13  Pylon  
  76  13:26  Pylon  
  76  13:27  Pylon, High Templar x2  
  76  13:28  Zealot  
  76  13:29  Pylon  
  76  13:31  Archon, Pylon, Immortal (Chrono Boost)  
  86  13:40  Protoss Ground Weapons Level 3 (Chrono Boost)  
  86  13:42  Gateway  
  86  13:45  Gateway  
  86  13:49  Gateway  
  86  13:51  Gateway  
  86  13:53  Gateway  
  86  13:55  Gateway  
  86  14:01  Probe x2  
  88  14:06  Zealot, High Templar x2  
  94  14:11  Archon  
  94  14:13  Probe x2  
  96  14:25  Probe x2  
  98  14:37  Photon Cannon  
  98  14:41  Photon Cannon  
  52  15:43  High Templar x2  
  52  15:44  High Templar x4  
  52  15:45  High Templar x2  
  52  15:46  Zealot  
  52  15:47  Archon  
  52  15:48  Archon x2  
  52  15:49  Archon  
  70  15:50  Warp Prism (Chrono Boost)  
  72  16:19  Stargate  
  72  16:20  Immortal  
  72  16:22  Stargate  
  72  16:25  Stargate, High Templar x4  
  80  16:27  Zealot x5  
  80  16:29  Archon x2  
  94  16:49  Zealot x4  
  94  16:50  Zealot  
  94  16:51  Protoss Shields Level 1 (Chrono Boost)  
  104  16:59  Observer  
  105  17:06  Fleet Beacon  
  95  17:27  Zealot  
  95  17:28  Zealot x5  
  95  17:29  Zealot x3  
  110  17:56  Zealot x3  
  110  17:57  Zealot x5  
  110  17:58  Zealot  
  128  18:10  Pylon  
  128  18:12  Pylon  
  128  18:14  Pylon  
  128  18:25  Zealot x4  
  128  18:26  Zealot x5  
  128  18:27  Pylon  
  146  18:34  Nexus  
  76  19:10  Zealot x7  
  76  19:11  Zealot x2  
  17  19:52  Zealot  
  17  19:53  Zealot x4  
  17  19:54  Zealot x3  
  17  19:55  Zealot  
  35  20:31  Zealot x5  
  35  20:32  Zealot x2  
  55  20:46  Assimilator  
  55  20:51  Assimilator  
  55  20:52  Pylon  
  49  21:15  Zealot x2  
Show
View Real Time Build Order
Export as new Build Order

Stelleague Zerg - Winner!

Build Orders: Pool First, Swarm Host 

Get SALT Encoding   

  12  0:02  Drone  
  13  0:08  Drone  
  14  0:19  Extractor  
  13  0:21  Extractor  
  13  0:22  Drone x2  
  16  0:36  Spawning Pool  
  15  0:42  Overlord  
  15  1:08  Hatchery  
  14  1:12  Drone  
  14  1:13  Drone  
  16  1:21  Drone  
  17  1:28  Roach Warren  
  16  1:45  Extractor  
  15  1:47  Extractor  
  15  1:50  Queen  
  16  2:02  Drone x3  
  19  2:17  Overlord  
  19  2:41  Queen  
  21  2:48  Lair  
  21  2:54  Roach  
  21  2:55  Roach  
  25  3:02  Roach  
  27  3:17  Queen  
  29  3:45  Roach x3  
  29  3:47  Overlord  
  35  4:11  Roach x3  
  35  4:12  Roach  
  35  4:13  Overlord  
  43  4:48  Spire  
  42  4:56  Overlord x2  
  42  5:13  Roach  
  42  5:14  Roach x2  
  42  6:08  Roach  
  42  6:09  Roach x6  
  50  6:13  Overlord  
  48  6:22  Drone  
  48  6:23  Drone  
  50  6:27  Drone x2  
  50  6:28  Drone x6  
  50  6:29  Drone x2  
  60  6:39  Overseer  
  60  6:43  Zerg Flyer Weapons Level 1  
  60  7:13  Extractor  
  59  7:16  Drone x2  
  59  7:17  Drone, Extractor  
  59  7:18  Drone x3  
  59  7:22  Queen  
  40  7:59  Drone x4  
  40  8:00  Drone  
  45  8:08  Mutalisk  
  45  8:09  Mutalisk x7  
  45  8:10  Mutalisk  
  63  8:39  Mutalisk  
  63  8:40  Mutalisk x4  
  73  9:02  Overseer  
  73  9:06  Zerg Flyer Weapons Level 2  
  73  9:32  Infestation Pit  
  73  9:35  Nydus Network  
  71  9:52  Hatchery  
  70  9:55  Mutalisk  
  70  9:56  Mutalisk x2  
  68  10:45  Overlord x2  
  68  10:46  Overlord x2  
  68  10:54  Mutalisk  
  68  10:55  Mutalisk x3  
  74  11:40  Overseer  
  74  11:42  Drone  
  74  11:43  Drone x10  
  69  13:04  Extractor  
  68  13:05  Extractor  
  68  13:07  Drone x3  
  68  13:08  Drone x3  
  68  13:09  Drone x2  
  68  13:10  Drone x2  
  77  13:29  Zerg Flyer Armor Level 1  
  77  13:31  Hive  
  77  13:32  Swarm Host  
  77  13:33  Swarm Host x8  
  104  13:37  Overlord x2  
  104  14:11  Swarm Host x2  
  104  14:12  Swarm Host x4  
  104  14:14  Overlord x3  
  104  14:15  Overlord x2  
  122  14:29  Nydus Canal  
  122  14:43  Nydus Canal  
  122  14:51  Mutalisk  
  122  14:52  Mutalisk x8  
  140  15:04  Evolution Chamber  
  117  15:25  Nydus Canal  
  114  15:32  Swarm Host  
  114  15:33  Swarm Host x7  
  114  15:34  Swarm Host x7  
  114  15:35  Swarm Host  
  162  15:50  Nydus Canal  
  162  16:22  Zerg Missile Weapons Level 1  
  162  16:24  Zerg Flyer Weapons Level 3  
  162  16:31  Overlord x2  
  162  16:32  Overlord x3  
  162  16:33  Overlord x4  
  162  16:52  Mutalisk x7  
  162  16:53  Mutalisk  
  158  18:05  Mutalisk  
  156  18:06  Mutalisk x7  
  170  18:28  Mutalisk x3  
  168  18:42  Pneumatized Carapace  
  168  18:47  Nydus Canal  
  168  19:41  Zerg Missile Weapons Level 2  
  168  19:42  Zerg Flyer Armor Level 2  
  162  20:47  Mutalisk  
  162  20:49  Mutalisk x5  
  164  20:50  Mutalisk x3  
Show
View Real Time Build Order
Export as new Build Order

GRIMM Zerg - Winner!

Build Orders: Pool First 

Get SALT Encoding   

  12  0:01  Drone  
  13  0:24  Spawning Pool  
  13  0:25  Extractor  
  13  0:27  Drone  
  12  0:35  Drone  
  13  0:38  Drone  
  14  0:52  Overlord  
  15  1:11  Zergling x6  
  15  1:16  Queen  
  19  1:27  Metabolic Boost  
  20  1:40  Drone x2  
  21  2:05  Drone, Hatchery  
  19  2:43  Zergling x2  
  19  2:44  Zergling x6  
  22  2:45  Overlord x2  
  22  3:22  Drone x3  
  22  3:26  Drone  
  27  3:27  Drone  
  27  3:32  Drone x2  
  29  3:44  Drone  
  29  3:45  Queen  
  32  3:50  Baneling Nest  
  32  3:55  Drone x2  
  32  3:56  Drone, Evolution Chamber, Extractor  
  32  3:58  Drone  
  33  4:03  Zergling x2  
  33  4:04  Zergling x6  
  37  4:21  Hatchery  
  36  4:44  Overlord x3  
  36  4:48  Zerg Melee Weapons Level 1  
  36  4:49  Lair  
  36  5:13  Drone x2  
  38  5:14  Drone x2  
  38  5:15  Drone x4  
  36  5:57  Drone x2  
  36  5:58  Drone x14  
  52  6:10  Drone, Extractor  
  52  6:13  Extractor  
  51  6:38  Zergling x16  
  59  6:48  Queen  
  59  6:49  Queen x2  
  59  6:52  Extractor  
  59  6:53  Drone, Extractor  
  64  7:03  Centrifical Hooks  
  64  7:06  Drone  
  64  7:07  Overlord x2  
  64  7:08  Overlord x2  
  65  7:25  Overlord x3  
  65  7:38  Drone x2  
  65  7:39  Drone  
  65  7:40  Drone x2  
  65  7:41  Drone x5  
  65  7:42  Drone  
  76  7:51  Hydralisk Den  
  76  7:56  Infestation Pit  
  74  8:21  Muscular Augments  
  74  8:22  Zerg Missile Weapons Level 1  
  74  8:29  Evolution Chamber  
  74  8:31  Baneling x11  
  74  8:32  Baneling x6  
  73  8:39  Evolution Chamber, Hydralisk x10  
  73  8:40  Hydralisk x10  
  104  9:14  Hydralisk x2  
  104  9:15  Hydralisk x7  
  122  9:18  Zerg Melee Weapons Level 2  
  122  9:21  Overlord x3  
  122  9:22  Overlord  
  122  9:32  Grooved Spines  
  122  9:55  Zergling x2  
  122  9:56  Zergling x32  
  139  10:19  Zergling x20  
  149  10:21  Baneling  
  149  10:22  Baneling x15  
  149  10:23  Baneling x6  
  149  10:32  Extractor  
  148  10:43  Hive  
  148  10:45  Zergling x4  
  148  10:46  Overlord, Zergling x8  
  148  10:47  Overlord x3  
  148  10:49  Zerg Missile Weapons Level 2  
  154  10:52  Zerg Ground Armor Level 1  
  154  11:16  Baneling x7  
  154  11:17  Baneling x3  
  154  11:34  Hatchery  
  154  11:39  Extractor  
  108  12:27  Hydralisk x9  
  108  12:28  Hydralisk x16  
  111  12:49  Drone x2  
  111  12:50  Drone  
  114  13:01  Zerg Melee Weapons Level 3  
  114  13:02  Zerg Ground Armor Level 2  
  114  13:08  Zerg Missile Weapons Level 3  
  114  13:09  Ultralisk Cavern  
  113  13:39  Drone x3  
  113  13:40  Drone x6  
  113  13:41  Drone x5  
  127  13:59  Ultralisk x5  
  157  14:08  Hydralisk  
  157  14:09  Hydralisk x3  
  165  14:25  Hatchery  
  165  14:30  Extractor  
  163  14:52  Hydralisk  
  165  14:53  Hydralisk x13  
  191  15:30  Extractor  
  182  15:54  Drone x3  
  182  15:55  Drone x3  
  182  15:56  Drone  
  182  15:57  Drone x9  
  195  15:58  Overlord x3  
  195  16:04  Zerg Ground Armor Level 3  
  164  17:03  Chitinous Plating  
  128  17:18  Hydralisk x10  
  128  17:19  Hydralisk x23  
  128  17:20  Hydralisk x3  
  162  17:36  Hatchery  
  161  17:46  Extractor  
  161  17:48  Extractor  
  159  17:56  Ultralisk  
  159  17:57  Ultralisk x5  
  195  18:22  Anabolic Synthesis  
  183  19:20  Ultralisk  
  183  19:21  Ultralisk  
  101  20:31  Ultralisk  
  101  20:32  Ultralisk x6  
  101  20:33  Ultralisk x4  
  101  20:34  Hydralisk x8  
  101  20:35  Hydralisk x8  
  199  21:22  Pneumatized Carapace  
Tags
 
Add a new tag
Caveats
  • Supply blocks, unpowered buildings, or Contaminate may cause inaccurate times.
  • Supply counts are checked every 10 seconds.